 Dungeon Crawl Stone Soup version 0.21.0 (webtiles) character file.

44 komo4ek the Caller (level 3, -2/20 HPs)
             Began as a Tengu Summoner on Jan 7, 2018.
             Slain by Sigmund
             ... wielding a +0 scythe
              (9 damage)
             ... on level 3 of the Dungeon.
             The game lasted 00:08:11 (2598 turns).

komo4ek the Caller (Tengu Summoner)                 Turns: 2598, Time: 00:08:12

Health: -2/20      AC:  2    Str:  8    XL:     3   Next: 60%
Magic:  6/8        EV: 12    Int: 16    God:
Gold:   187        SH:  0    Dex: 14    Spells: 3/7 levels left

rFire    . . .     SeeInvis .   f - +1 dagger (pain)
rCold    . . .     Gourm    .   (no shield)
rNeg     . . .     Faith    .   a - +0 robe
rPois    .         Spirit   .   (helmet restricted)
rElec    .         Reflect  .   (no cloak)
rCorr    .         Harm     .   (no gloves)
MR       .....                  (boots unavailable)
Stlth    ++........             (no amulet)
HPRegen  0.06/turn              (no ring)
MPRegen  0.11/turn              (no ring)

@: no status effects
A: beak, talons 3
a: no special abilities


You were on level 3 of the Dungeon.
You were not hungry.

You visited 1 branch of the dungeon, and saw 3 of its levels.

You collected 187 gold pieces.

Inventory:

Hand Weapons
 f - a +1 dagger of pain (weapon)
Armour
 a - a +0 robe (worn)
 t - a +0 cloak
Jewellery
 j - a cursed amulet of inaccuracy {unknown}
 o - a +1 ring of protection {unknown}
Scrolls
 e - a scroll of fear {unknown}
 g - a scroll of identify {unknown}
 h - a scroll of amnesia {unknown}
 i - a scroll of teleportation {unknown}
 l - a scroll of enchant armour {unknown}
 n - a scroll of blinking {unknown}
 q - a scroll of enchant weapon {unknown}
 r - 3 scrolls of immolation {unknown}
 s - a scroll of fog {unknown}
Potions
 d - a potion of lignification {unknown}
 k - a potion of degeneration {unknown}
 m - a potion of haste {unknown}
 p - a potion of agility {unknown}
Books
 b - a book of Callings

   Spells                             Type                      Level
   a - Summon Small Mammal            Summoning                    1
   b - Call Imp                       Summoning                    2
   c - Call Canine Familiar           Summoning                    3
   d - Summon Guardian Golem          Hexes/Summoning              3
   e - Summon Lightning Spire         Summoning/Air                4
   f - Summon Ice Beast               Ice/Summoning                4
Comestibles
 c - a ration


   Skills:
 + Level 1.0 Fighting
 - Level 2.2 Dodging
 - Level 2.0 Stealth
 * Level 2.7 Spellcasting
 + Level 5.4 Summonings


You had 3 spell levels left.
You knew the following spells:

 Your Spells              Type           Power        Failure   Level  Hunger
a - Summon Small Mammal   Summ           ###.         1%          1    #......
b - Call Canine Familiar  Summ           ###.....     6%          3    ###....


Dungeon Overview and Level Annotations

Branches:
Dungeon (3/15)

Altars:

Annotations:
D:3 Sigmund


Innate Abilities, Weirdness & Mutations

You have a beak for a mouth.
You have claws for feet.


Message History

Your hound barely misses the ball python.
The ball python bites your hound.
The ball python barely misses your hound.
Your hound bites the ball python.
The ball python closely misses your hound.
The ball python grabs your hound. The ball python constricts your hound.
Your hound bites the ball python.
The ball python dies!
Sigmund hits you from afar with a scythe!
Ouch! That really hurt!
Your hound bites Sigmund.
Your hound barely misses Sigmund.
Your hound closely misses Sigmund.
Sigmund points at you and mumbles some strange words.
Your hound appears confused.
Your hound barely misses Sigmund.
Sigmund hits you from afar with a scythe.
Your hound closely misses you.
Sigmund hits you from afar with a scythe!
You die...

#.......###### ##
####.##......#
... #.##.#### #.#
#....###
###..##...[..#
....#.#.#..#.# #
#........#.##.#
.#..##.#.......#
......#.#.##@####
#.#.......##h####
##....#)#.##.@†.#
.##.......####.#
#.......# #.#
#.......####@###
#.......##.....#
#.......##.#.#.#
#.......##@#.#.#


You could see Sigmund and a friendly hound (confused).

Vanquished Creatures
  2 leopard geckos (D:1)
  5 bats
  4 hobgoblins
  A quokka (D:2)
  2 frilled lizards (D:1)
  6 goblins
  A kobold (D:2)
  6 rats
27 creatures vanquished.

Vanquished Creatures (collateral kills)
  An adder (D:3)
  An ooze (D:2)
  A worm (D:2)
  A goblin (D:2)
  2 hobgoblins
  A ball python (D:3)
  A bat (D:3)
  A frilled lizard (D:1)
  A kobold (D:1)
10 creatures vanquished.

Grand Total: 37 creatures vanquished

Notes
Turn   | Place    | Note
-------+----------+-------------------------------------------
     0 | D:1      | komo4ek the Tengu Summoner began the quest for the Orb.
     0 | D:1      | Reached XP level 1. HP: 10/10 MP: 4/4
    53 | D:1      | Reached skill level 5 in Summonings
   219 | D:1      | Reached XP level 2. HP: 15/15 MP: 4/6
  1801 | D:2      | Reached XP level 3. HP: 19/20 MP: 7/7
  2035 | D:2      | Learned a level 3 spell: Call Canine Familiar
  2407 | D:3      | Reached skill level 1 in Fighting
  2578 | D:3      | Noticed Sigmund
  2598 | D:3      | Slain by Sigmund

Skill      XL: |  1  2  3 |
---------------+----------+-----
Summonings     | 5 |  5.4
Fighting       | 1 |  1.0
Dodging        | |  2.2
Stealth        | |  2.0
Spellcasting   | |  2.7

Action                   || total
-------------------------++-------
Melee: Unarmed           ||    42
       Kick              ||    16
       Peck              ||     7
       Dagger            ||    33
 Cast: Summon Small Mamm ||    17
       Call Canine Famil ||     3
 Stab: Sleeping          ||     4
  Eat: Ration            ||     1
       Chunk             ||     2
Armor: Robe              ||    22
Dodge: Dodged            ||    66
